 Dungeon Crawl Stone Soup version 0.28.0-43-g3370ac3207 (webtiles) character file.

Game seed: 11217030037706170331

6423 TheDeanity the Geomancer (level 10, -24/66 HPs)
             Began as a Gargoyle Earth Elementalist on Mar 15, 2022.
             Was a Believer of Vehumet.
             Hit by a large rock thrown by a cyclops (27 damage)
             ... on level 9 of the Dungeon.
             The game lasted 00:43:46 (12415 turns).

TheDeanity the Geomancer (GrEE)                    Turns: 12415, Time: 00:43:46

Health: -24/66     AC: 13    Str: 14    XL:     10   Next: 98%
Magic:  2/17       EV: 12    Int: 24    God:    Vehumet [**....]
Gold:   413        SH:  0    Dex: 10    Spells: 2/19 levels left

rFire   . . .      SeeInvis .   C - +4 glaive (flame)
rCold   . . .      Faith    .   (shield currently unavailable)
rNeg    + . .      Spirit   .   B - +0 steam dragon scales
rPois   ∞          Reflect  .   (no helmet)
rElec   +          Harm     .   (no cloak)
rCorr   .          Rampage  .   (no gloves)
Will    +....                   y - +0 pair of boots
Stlth   ++........              (no amulet)
HPRegen 0.21/turn               d - ring of willpower
MPRegen 0.15/turn               x - +6 ring of intelligence

@: no status effects
A: sickness immunity, AC +7, negative energy resistance 1, electricity
resistance, torment resistance 1, petrification resistance
a: Renounce Religion


You were on level 9 of the Dungeon.
You worshipped Vehumet.
Vehumet was pleased with you.
You visited 1 branch of the dungeon, and saw 9 of its levels.

You collected 413 gold pieces.

Inventory:

Hand Weapons
 e - a +0 flail
 n - a +1 vorpal spear
 C - a +4 glaive of flaming (weapon)
Missiles
 c - 91 stones (quivered)
Armour
 b - a +0 robe
 y - a +0 pair of boots (worn)
 B - +0 steam dragon scales (worn)
Jewellery
 d - a ring of willpower (left hand)
 u - a ring of protection from fire
 x - a +6 ring of intelligence (right hand)
 D - a ring of protection from cold
 I - an amulet of reflection
 K - a +4 ring of evasion
 M - a ring of protection from cold
Wands
 v - a wand of digging (5)
 A - a wand of paralysis (4)
 E - a wand of flame (18)
 G - a wand of iceblast (16)
Scrolls
 g - 6 scrolls of vulnerability
 i - a scroll of noise
 j - a scroll of enchant armour {unknown}
 m - 2 scrolls of immolation
 o - 3 scrolls of teleportation
 q - 3 scrolls of brand weapon
 r - a scroll of magic mapping {unknown}
 s - 2 scrolls of amnesia {unknown}
 t - a scroll of summoning {unknown}
 F - 2 scrolls of fog {unknown}
 H - a scroll of holy word {unknown}
 N - a scroll of blinking {unknown}
Potions
 a - a potion of magic {unknown}
 f - a potion of resistance {unknown}
 h - 2 potions of heal wounds {unknown}
 k - 3 potions of curing
 l - a potion of cancellation
 p - a potion of mutation {unknown}
 w - 2 potions of invisibility {unknown}
 z - 3 potions of lignification
 J - 2 potions of might {unknown}


   Skills:
 + Level 9.4 Fighting
 - Level 2.0 Dodging
 - Level 3.0 Stealth
 - Level 5.0 Spellcasting
 + Level 5.9 Conjurations
 + Level 3.3 Hexes
 - Level 3.0 Translocations
 - Level 5.0 Transmutations
 + Level 2.0 Fire Magic
 - Level 10.0 Earth Magic


You had 2 spell levels left.
You knew the following spells:

 Your Spells              Type           Power      Damage    Failure   Level
a - Sandblast             Erth           100%       2d20      1%          1
b - Passwall              Tmut/Erth      35%        N/A       1%          2
c - Stone Arrow           Conj/Erth      88%        3d12      1%          3
d - Blink                 Tloc           40%        N/A       3%          2
e - Petrify               Tmut/Erth      42%        N/A       4%          4
f - Tukima's Dance        Hex            22%        N/A       7%          3
g - Scorch                Fire           30%        2d7       6%          2

Your spell library contained the following spells:

 Spells                   Type           Power      Damage    Failure   Level
 Dazzling Flash           Conj/Hex       56%        N/A       4%          3
 Wereblood                Tmut           30%        N/A       1%          2
 Apportation              Tloc           40%        N/A       2%          1
 Animate Skeleton         Necr           12%        N/A       9%          1
 Summon Small Mammal      Summ           24%        N/A       9%          1
 Corpse Rot               Necr/Air       12%        N/A       13%         2
 Poisonous Vapours        Pois/Air       12%        N/A       13%         2
 Anguish                  Hex/Necr       7%         N/A       41%         4
 Manifold Assault         Tloc           20%        N/A       56%         5
 Enfeeble                 Hex            11%        N/A       100%        7
 Storm Form               Tmut/Air       9%         N/A       100%        7
 Summon Hydra             Summ           3%         N/A       100%        7
 Sublimation of Blood     Necr           Unusable   N/A       N/A         2

Dungeon Overview and Level Annotations

Branches:
Dungeon (9/15)             Temple (0/1) D:6            Lair (0/6) D:9
    Orc: D:9-12

Altars:
Dithmenos
Elyvilon
Fedhas
Kikubaaqudgha
Makhleb
Ru
Sif Muna
Uskayaw
Vehumet
Xom
Yredelemnul
The Shining One

Annotations:
D:4 2 transporters, ChongLi's ghost, amateur DsFi


Innate Abilities, Weirdness & Mutations

You are immune to sickness and miasma.
Your stone body is resilient. (AC +7)
You are immune to poison.
You resist negative energy. (rN+)
You are resistant to electric shocks. (rElec)
You are resistant to unholy torment.
You are immune to petrification.


Message History

Casting: Tukima's Dance (dangerous; 7% risk of failure)
Confirm with . or Enter, or press ? or * to list all spells.
Aiming: Stone Arrow (safe; 1% risk of failure)
Press: ? - help, Shift-Dir - straight line, f/p - cyclops
Aim: a cyclops, quivering large rocks (ally target, 98% to hit)
The stone arrow hits the cyclops!!
The cyclops is heavily wounded.
The cyclops hits your +0 war axe!!
Your +0 war axe falls from the air.
Casting: Stone Arrow (safe; 1% risk of failure)
Confirm with . or Enter, or press ? or * to list all spells.
Aiming: Sandblast (safe; 1% risk of failure)
Press: ? - help, Shift-Dir - straight line, f/p - cyclops
Aim: a cyclops, quivering large rocks (heavily wounded, 98% to hit)
The blast of sand hits the cyclops!
The cyclops is severely wounded.
c - 92 stones
Casting: Sandblast (safe; 1% risk of failure)
Confirm with . or Enter, or press ? or * to list all spells.
Aiming: Stone Arrow (safe; 1% risk of failure)
Press: ? - help, Shift-Dir - straight line, f/p - cyclops
Aim: a cyclops, quivering large rocks (severely wounded, 98% to hit)
The stone arrow hits the cyclops!
The cyclops is almost dead.
Casting: Stone Arrow (safe; 1% risk of failure)
Confirm with . or Enter, or press ? or * to list all spells.
Aiming: Sandblast (safe; 1% risk of failure)
Press: ? - help, Shift-Dir - straight line, f/p - cyclops
Aim: a cyclops, quivering large rocks (almost dead, 98% to hit)
The blast of sand hits the cyclops.
The cyclops is almost dead.
c - 91 stones The cyclops hits you!!
* * * LOW HITPOINT WARNING * * *
Press: ? - help, v - describe, . - travel
Here: a cyclops, quivering large rocks (almost dead)
The floor.
You see here a bubbling green potion.
The cyclops throws a large rock.
The large rock hits you!!
You die...

≈≈≈≈≈≈≈≈≈≈≈≈≈#...#≈≈≈≈≈≈≈≈≈≈≈≈≈≈
≈≈≈≈≈≈≈≈≈≈≈≈≈≈#(..#≈≈≈≈≈≈≈≈≈≈≈≈≈≈
≈≈≈≈≈≈≈≈≈≈≈≈≈≈#..>#≈≈≈≈≈≈≈≈≈≈≈≈≈≈
≈≈≈≈≈≈≈≈≈≈≈≈≈≈#...#≈≈≈≈≈≈≈≈≈≈≈≈≈≈
≈≈≈≈≈≈≈≈≈≈≈≈≈≈#...#≈≈≈≈≈≈≈≈≈≈≈≈≈≈
#....##########...###############
.................)....>.....[[†..
^^^...............)(...)..(([<...
^_^....<........@...C...)........
.^^.................).(..........
.................).?.............
#....##########...###############
≈≈≈≈≈≈≈≈≈≈≈≈≈≈#..>#≈≈≈≈≈≈≈≈≈≈≈≈≈≈
≈≈≈≈≈≈≈≈≈≈≈≈≈≈#...#≈≈≈≈≈≈≈≈≈≈≈≈≈≈
≈≈≈≈≈≈≈≈≈≈≈≈≈≈#^..#≈≈≈≈≈≈≈≈≈≈≈≈≈≈
≈≈≈≈≈≈≈≈≈≈≈≈≈≈#...#≈≈≈≈≈≈≈≈≈≈≈≈≈≈
≈≈≈≈≈≈≈≈≈≈≈≈≈≈ ..#≈≈≈≈≈≈≈≈≈≈≈≈


You could see a cyclops.

Vanquished Creatures
  A two-headed ogre (D:6)
  The ghost of Jingleheimer the Basher, a novice PaFi (D:6)
  The ghost of Zonian the Chiller, a novice DsIE of Ashenzari (D:7)
  Pikel (D:5)
  Maggie (D:6)
  Grinder (D:5)
  Sigmund (D:5)
  2 water moccasins
  An acid dragon (D:8)
  A black bear (D:4)
  An orc warrior (D:9)
  2 ice beasts
  An ogre (D:6)
  A necrophage (D:6)
  5 centaurs
  A kobold brigand (D:8)
  2 gnoll sergeants (D:8)
  2 bullfrogs
  2 scorpions
  4 killer bees (D:8)
  16 wights
  8 howler monkeys
  2 orc priests
  2 bullfrog zombies
  A centaur zombie (D:7)
  A bullfrog skeleton (D:4)
  2 centaur skeletons (D:7)
  3 hounds
  3 jellies
  11 orc wizards
  A hound skeleton (D:4)
  2 adders
  12 gnolls
  A howler monkey skeleton (D:4)
  2 dart slugs
  13 orcs
  5 bats
  5 endoplasms
  A giant cockroach (D:2)
  11 hobgoblins
  3 jackals (D:1)
  12 kobolds
  3 quokkas
  8 ball pythons
  4 frilled lizards
  8 goblins
  4 rats
176 creatures vanquished.

Vanquished Creatures (others)
  2 dancing weapons (D:9)
2 creatures vanquished.

Grand Total: 178 creatures vanquished

Notes
Turn   | Place    | Note
-------+----------+-------------------------------------------
     0 | D:1      | TheDeanity the Gargoyle Earth Elementalist began the quest
                  | for the Orb.
     0 | D:1      | Reached XP level 1. HP: 10/10 MP: 3/3
   237 | D:1      | Reached skill level 1 in Transmutations
   237 | D:1      | Reached XP level 2. HP: 15/15 MP: 3/5
   361 | D:1      | Learned a level 2 spell: Passwall
   372 | D:1      | Reached XP level 3. HP: 19/19 MP: 6/6
  1599 | D:1      | Found a faded altar of an unknown god.
  1606 | D:1      | Reached skill level 4 in Earth Magic
  1847 | D:1      | Learned a level 3 spell: Stone Arrow
  2322 | D:2      | Reached XP level 4. HP: 24/24 MP: 7/7
  2760 | D:2      | Reached skill level 1 in Fighting
  2760 | D:2      | Reached skill level 1 in Conjurations
  2760 | D:2      | Reached XP level 5. HP: 7/29 MP: 0/9
  3444 | D:3      | Found a blossoming altar of Fedhas.
  3552 | D:3      | Found an ancient bone altar of Kikubaaqudgha.
  3552 | D:3      | Found a sacrificial altar of Ru.
  3553 | D:3      | Found a glowing golden altar of the Shining One.
  4277 | D:4      | Noticed ChongLi's ghost (amateur DsFi)
  4279 | D:4      | Noticed a black bear
  4280 | D:4      | Found a transporter.
  4345 | D:4      | Killed a black bear
  4346 | D:4      | Reached XP level 6. HP: 35/35 MP: 6/10
  4403 | D:4      | Found a transporter.
  4957 | D:4      | Reached skill level 5 in Earth Magic
  5309 | D:5      | Entered Level 5 of the Dungeon
  5309 | D:5      | Found a shimmering blue altar of Sif Muna.
  5317 | D:5      | Reached XP level 7. HP: 40/40 MP: 4/11
  5633 | D:5      | Learned a level 2 spell: Blink
  6027 | D:5      | Noticed Grinder
  6037 | D:5      | Killed Grinder
  6038 | D:5      | Reached skill level 6 in Earth Magic
  6140 | D:5      | Noticed Pikel
  6218 | D:5      | Killed Pikel
  6219 | D:5      | Reached skill level 7 in Earth Magic
  6219 | D:5      | Reached XP level 8. HP: 15/48 MP: 0/12
  6474 | D:5      | Noticed Sigmund
  6510 | D:5      | Killed Sigmund
  6511 | D:5      | Reached skill level 5 in Fighting
  6817 | D:6      | Found a radiant altar of Vehumet.
  6817 | D:6      | Found a shadowy altar of Dithmenos.
  6817 | D:6      | Found a basalt altar of Yredelemnul.
  6817 | D:6      | Found a hide-covered altar of Uskayaw.
  6823 | D:6      | Became a worshipper of Vehumet
  6960 | D:6      | Noticed a two-headed ogre
  6994 | D:6      | Killed a two-headed ogre
  6995 | D:6      | Reached skill level 8 in Earth Magic
  6995 | D:6      | Reached XP level 9. HP: 28/55 MP: 2/15
  7478 | D:6      | Found a staircase to the Ecumenical Temple.
  7587 | D:6      | Found a white marble altar of Elyvilon.
  7587 | D:6      | Found a burning altar of Makhleb.
  7746 | D:6      | Learned a level 4 spell: Petrify
  7961 | D:6      | Noticed Maggie
  7969 | D:6      | Killed Maggie
  7970 | D:6      | Reached skill level 5 in Spellcasting
  7970 | D:6      | Reached skill level 9 in Earth Magic
  7971 | D:6      | Found a large runed translucent door.
  8054 | D:6      | Found a large runed translucent door.
  8055 | D:6      | Noticed Jingleheimer's ghost (novice PaFi)
  8651 | D:6      | Killed Jingleheimer's ghost
  8652 | D:6      | Reached XP level 10. HP: 33/64 MP: 3/17
  8873 | D:7      | Found a runed translucent gate.
  8874 | D:7      | Found a runed translucent gate.
  8878 | D:7      | Noticed Zonian's ghost (novice DsIE)
  9023 | D:7      | Reached skill level 10 in Earth Magic
  9323 | D:7      | Found a runed translucent gate.
  9565 | D:7      | Learned a level 3 spell: Tukima's Dance
  9726 | D:7      | Killed Zonian's ghost
  9726 | D:7      | Reached * piety under Vehumet
  9726 | D:7      | Offered knowledge of Freeze by Vehumet.
  9727 | D:7      | Reached skill level 1 in Hexes
 10178 | D:8      | Reached skill level 5 in Transmutations
 10600 | D:8      | Reached skill level 5 in Conjurations
 10643 | D:8      | Reached ** piety under Vehumet
 10887 | D:8      | Offered knowledge of Scorch by Vehumet.
 10893 | D:8      | Learned a level 2 spell: Scorch
 11485 | D:9      | Found a staircase to the Lair.
 11505 | D:9      | Noticed a cyclops
 11864 | D:8      | Reached skill level 1 in Fire Magic
 12359 | D:9      | Found a shimmering altar of Xom.
 12403 | D:9      | Offered knowledge of Dazzling Flash by Vehumet.
 12409 | D:9      | HP: 1/66 [cyclops (26)]
 12415 | D:9      | Hit by a large rock thrown by a cyclops

Illustrated notes

Levels and vault maps discovered:
D:1:      minmay_arrival_jagged, layout_basic, ebering_ecumenical_altar_rust,
          minmay_misc_feat_enclosed
D:2:      layout_rooms, minmay_tetromino_l2
D:3:      layout_basic, gammafunk_temple_overflow_forgotten,
          nicolae_overflow_crystal_walls, chequers_serial_rivers_micro_d
D:4:      layout_loops_ring, gammafunk_ghost_arena, due_unseen_surprise
D:5:      layout_basic, mainiacjoe_overflow_catwalk, hex_intersection,
          uniq_grinder, uniq_pikel, uniq_sigmund
D:6:      layout_cave_pools, grunt_temple_overflow_open,
          mainiacjoe_overflow_divided_tiny, minmay_temple_entry_waves,
          ebering_ghost_disaster_area, serial_co_window_serial,
          co_window_corner_a, co_window_paths_b, co_window_corner_a,
          co_window_paths_b, co_window_paths_a, co_window_corner_a,
          co_window_corner_a, co_window_2corner, co_window_paths_c,
          co_window_2corner, co_window_paths_c, co_window_corner_b,
          co_window_paths_c, co_window_paths_d, glass_columns_b,
          glass_columns_b, glass_columns_a, glass_columns_a, uniq_maggie
D:7:      layout_rooms, gammafunk_ghost_split
D:8:      layout_basic, grunt_ministairs_13
D:9:      layout_cross, xom_teletrap_fun

Skill      XL: |  1  2  3  4  5  6  7  8  9 10 |
---------------+-------------------------------+-----
Transmutations | 1 2 3 4 5 |  5.0
Dodging        | 2 |  2.0
Stealth        | 3 |  3.0
Earth Magic    | 4 5 7 8 9 10 | 10.0
Fighting       | 1 2 4 6 7 9 |  9.4
Conjurations   | 1 2 3 4 5 |  5.9
Spellcasting   | 3 4 5 |  5.0
Translocations | 2 3 |  3.0
Hexes          | 3 |  3.3
Fire Magic     | 2 |  2.0

Action                   |  1- 3 |  4- 6 |  7- 9 | 10-12 || total
-------------------------+-------+-------+-------+-------++-------
Melee: Flail             |     1 |       |       |       ||     1
       Unarmed           |     1 |       |       |       ||     1
       Dagger            |   127 |    60 |       |       ||   187
       Punch             |     2 |     2 |     1 |       ||     5
       Spear             |       |    42 |    21 |       ||    63
       Glaive            |       |       |     1 |    21 ||    22
Throw: Stone             |     2 |       |       |       ||     2
 Cast: Sandblast         |    18 |    43 |    60 |    67 ||   188
       Stone Arrow       |       |     1 |    40 |    67 ||   108
       Passwall          |       |     2 |       |       ||     2
       Blink             |       |       |       |     6 ||     6
       Tukima's Dance    |       |       |       |     2 ||     2
  Use: Scroll            |       |     5 |     3 |     3 ||    11
       Potion            |       |       |     1 |       ||     1
 Stab: Sleeping          |     1 |     3 |       |       ||     4
       Distracted        |       |       |       |     1 ||     1
Armor: Robe              |    57 |    25 |    12 |       ||    94
       Steam dragon scal |       |       |     3 |    52 ||    55
Dodge: Dodged            |   117 |    60 |    27 |    75 ||   279
